[ AOE2 MATCH · #458830489 ]
UnrankedBurgundians vs Mongols
[ REPLAY ANALYSIS · EXTRACTED FROM THE RECORDED GAME ]
Feudal
10:55
Castle
19:47
Imperial
32:24
| APM avg | 11.7 |
| APM peak | 49 |
| eAPM avg | 9.7 |
| Villagers / military | 92 / 310 |
Focus
⚔️ 33.9% · 🌾 66.1%
Skirmisher ×98 · Archer ×50 · Spearman ×48 · Coustillier ×47 · Scout Cavalry ×32 · Hand Cannoneer ×26
Feudal
11:02
Castle
14:32
Imperial
30:28
| APM avg | 34.3 |
| APM peak | 102 |
| eAPM avg | 20.0 |
| Villagers / military | 171 / 440 |
Focus
⚔️ 28.4% · 🌾 71.6%
Scout Cavalry ×180 · Mangudai ×128 · Steppe Lancer ×121 · Trebuchet (Packed) ×10 · Trade Cart ×4 · Monk ×1
Feudal
14:15
Castle
20:04
Imperial
32:57
| APM avg | 19.9 |
| APM peak | 56 |
| eAPM avg | 14.3 |
| Villagers / military | 184 / 719 |
Focus
⚔️ 44.8% · 🌾 55.2%
Spearman ×350 · Militia ×168 · Skirmisher ×141 · Scorpion ×58 · Trebuchet (Packed) ×2
Feudal
10:34
Castle
14:51
Imperial
40:26
| APM avg | 13.7 |
| APM peak | 48 |
| eAPM avg | 9.3 |
| Villagers / military | 95 / 194 |
Focus
⚔️ 24.0% · 🌾 76.0%
Archer ×160 · Mangonel ×26 · Monk ×5 · Trebuchet (Packed) ×3
Feudal
14:37
Castle
18:33
Imperial
32:51
| APM avg | 23.7 |
| APM peak | 104 |
| eAPM avg | 20.9 |
| Villagers / military | 164 / 647 |
Focus
⚔️ 60.4% · 🌾 39.6%
Spearman ×428 · Huskarl ×159 · Bombard Cannon ×60
Feudal
12:25
Castle
16:35
Imperial
28:23
| APM avg | 23.7 |
| APM peak | 50 |
| eAPM avg | 14.5 |
| Villagers / military | 102 / 458 |
Focus
⚔️ 34.3% · 🌾 65.7%
Scout Cavalry ×300 · Hand Cannoneer ×146 · Bombard Cannon ×8 · Trebuchet (Packed) ×3 · Mangonel ×1
Feudal
13:06
Castle
18:42
Imperial
30:57
| APM avg | 21.2 |
| APM peak | 59 |
| eAPM avg | 11.1 |
| Villagers / military | 100 / 220 |
Focus
⚔️ 23.9% · 🌾 76.1%
Teutonic Knight ×143 · Scorpion ×64 · Trade Cart ×30 · Bombard Cannon ×8 · Mangonel ×5
Feudal
11:58
Castle
17:31
Imperial
25:18
| APM avg | 22.6 |
| APM peak | 49 |
| eAPM avg | 14.2 |
| Villagers / military | 80 / 319 |
Focus
⚔️ 54.2% · 🌾 45.8%
Hand Cannoneer ×132 · Skirmisher ×104 · Organ Gun ×59 · Bombard Cannon ×16 · Trebuchet (Packed) ×4 · Mangonel ×3
Match map
Initial resources + every placement click. Lines = walls · curves = elevation contours. ◆ gold · ⬟ stone · ● berries · ✦ relic · ◌ wall gap
Your base· ✓ Closed at 19:47 · 0t walls · 2 gate(s)
雨あめrain's base· ✓ Closed at 14:32 · 0t walls · 3 gate(s)
Kerim's base· ✓ Closed at 20:04 · 0t walls · 2 gate(s)
moshonkadeda's base· ✓ Closed at 14:51 · 0t walls · 2 gate(s)
ozcelik.huseyin's base· ✓ Closed at 18:33 · 0t walls · 3 gate(s)
Ratte's base· ✓ Closed at 16:35 · 0t walls · 3 gate(s)
Kadir's base· ✓ Closed at 18:42 · 0t walls · 2 gate(s)
Boyka's base· ✓ Closed at 17:31 · 0t walls · 3 gate(s)
Smoothed initial terrain · ◌ = detected wall gap · hover for details
Inputs per minute
— Hamza Khan - - 雨あめrain
Build order — Hamza Khan
First 150 of 352 actions detected
| 0:09 | Build | House |
| 0:11 | Build | House |
| 0:11 | Build | House |
| 0:12 | Build | House |
| 0:14 | Build | House |
| 0:47 | Create | Villager (Male) |
| 0:48 | Research | Loom |
| 0:48 | Create | Villager (Male) ×3 |
| 2:13 | Create | Villager (Male) |
| 2:52 | Create | Villager (Male) |
| 3:05 | Create | Villager (Male) |
| 3:33 | Create | Villager (Male) |
| 3:53 | Create | Villager (Male) |
| 4:17 | Create | Villager (Male) |
| 4:33 | Create | Villager (Male) |
| 5:13 | Create | Villager (Male) ×2 |
| 5:30 | Create | Villager (Male) |
| 6:05 | Create | Villager (Male) |
| 7:14 | Build | Lumber Camp |
| 7:33 | Create | Villager (Male) |
| 7:33 | Create | Villager (Male) |
| 7:57 | Build | Mill |
| 8:45 | Research | Feudal Age |
| 8:52 | Research | Double-Bit Axe |
| 9:22 | Research | Wheelbarrow |
| 9:38 | Build | Mining Camp |
| 9:53 | Create | Villager (Male) |
| 9:56 | Create | Villager (Male) |
| 9:57 | Create | Villager (Male) |
| 10:55 | Age | Feudal Age |
| 11:01 | Research | Bow Saw |
| 11:45 | Build | Market |
| 11:48 | Build | Blacksmith |
| 11:52 | Build | House |
| 11:53 | Build | House |
| 11:54 | Build | House |
| 11:55 | Build | House |
| 12:03 | Create | Villager (Male) |
| 12:41 | Build | Farm |
| 12:49 | Build | Farm |
| 13:09 | Build | Mining Camp |
| 13:34 | Create | Villager (Male) |
| 13:35 | Create | Villager (Male) |
| 13:37 | Create | Villager (Male) |
| 14:21 | Build | Farm |
| 14:22 | Build | Farm |
| 14:53 | Create | Villager (Male) |
| 15:21 | Create | Villager (Male) |
| 15:42 | Create | Villager (Male) |
| 16:02 | Build | Farm |
| 16:06 | Build | Farm |
| 16:07 | Build | Farm |
| 16:11 | Build | Farm |
| 17:04 | Build | Barracks |
| 17:07 | Research | Castle Age |
| 17:34 | Research | Horse Collar |
| 17:54 | Research | Stone Mining |
| 18:17 | Research | Gold Mining |
| 18:38 | Create | Villager (Male) |
| 18:38 | Create | Villager (Male) |
| 18:47 | Research | Heavy Plow |
| 19:11 | Build | House |
| 19:12 | Build | House |
| 19:13 | Build | House |
| 19:14 | Build | House |
| 19:47 | Age | Castle Age |
| 20:10 | Build | Castle |
| 20:13 | Research | Pikeman (upgrade) |
| 20:21 | Research | Two-Man Saw |
| 20:32 | Research | Squires |
| 21:00 | Create | Villager (Male) ×3 |
| 21:46 | Build | Lumber Camp |
| 21:51 | Create | Villager (Male) ×3 |
| 22:00 | Build | Farm |
| 22:01 | Build | Farm |
| 22:04 | Build | Farm |
| 22:22 | Build | Barracks |
| 22:26 | Build | Archery Range |
| 22:38 | Research | Town Watch |
| 22:39 | Create | Villager (Male) |
| 22:39 | Create | Villager (Male) |
| 22:57 | Research | Gold Shaft Mining |
| 23:05 | Build | Town Center |
| 23:46 | Create | Villager (Male) |
| 23:46 | Create | Villager (Male) |
| 24:04 | Research | Crop Rotation |
| 24:12 | Build | Mining Camp |
| 24:28 | Build | House |
| 24:29 | Build | House |
| 24:30 | Build | House |
| 24:46 | Create | Villager (Male) ×3 |
| 24:55 | Build | Lumber Camp |
| 25:11 | Build | Monastery |
| 25:42 | Create | Villager (Male) ×5 |
| 25:46 | Research | Hand Cart |
| 25:52 | Create | Villager (Male) |
| 25:52 | Create | Villager (Male) |
| 26:45 | Build | Farm |
| 26:45 | Build | Farm |
| 26:47 | Build | Farm |
| 26:48 | Build | Farm |
| 26:52 | Build | Farm |
| 26:53 | Build | Farm |
| 26:57 | Create | Villager (Male) |
| 26:57 | Create | Villager (Male) |
| 27:06 | Create | Villager (Male) |
| 27:06 | Create | Villager (Male) |
| 27:09 | Create | Villager (Male) |
| 27:14 | Build | Farm |
| 27:16 | Build | Farm |
| 27:17 | Build | Farm |
| 27:19 | Build | Farm |
| 27:21 | Build | Farm |
| 27:22 | Build | Farm |
| 27:25 | Build | Mill |
| 27:26 | Build | Farm |
| 27:27 | Build | Farm |
| 27:29 | Build | Farm |
| 28:00 | Build | Farm |
| 28:10 | Create | Villager (Male) |
| 28:31 | Build | Archery Range |
| 28:51 | Build | Farm |
| 28:55 | Build | Farm |
| 29:14 | Research | Imperial Age |
| 30:03 | Build | Castle |
| 30:16 | Create | Petard |
| 30:16 | Create | Petard |
| 30:16 | Create | Petard |
| 30:19 | Create | Petard |
| 30:32 | Research | Elite Skirmisher (upgrade) |
| 30:33 | Create | Skirmisher ×5 |
| 30:33 | Create | Skirmisher ×5 |
| 30:33 | Create | Skirmisher ×5 |
| 30:36 | Research | Squires |
| 30:37 | Research | Pikeman (upgrade) |
| 30:38 | Research | Arson |
| 30:55 | Build | Mining Camp |
| 31:02 | Create | Villager (Male) ×5 |
| 31:35 | Build | Barracks |
| 31:44 | Create | Spearman |
| 31:44 | Create | Spearman |
| 31:44 | Create | Spearman |
| 31:53 | Research | Forging |
| 31:53 | Research | Scale Mail Armor |
| 31:54 | Research | Padded Archer Armor |
| 31:54 | Research | Fletching |
| 32:04 | Create | Villager (Male) |
| 32:13 | Build | House |
| 32:13 | Build | House |
| 32:13 | Build | House |
Build order — 雨あめrain
First 150 of 423 actions detected
| 0:02 | Create | Villager (Male) ×4 |
| 0:02 | Create | Villager (Male) ×4 |
| 0:05 | Build | House |
| 0:06 | Build | House |
| 0:40 | Build | House |
| 0:44 | Build | House |
| 1:45 | Create | Villager (Male) |
| 1:45 | Create | Villager (Male) |
| 1:52 | Build | Lumber Camp |
| 2:05 | Create | Villager (Male) |
| 2:05 | Create | Villager (Male) |
| 2:25 | Create | Villager (Male) |
| 2:53 | Create | Villager (Male) |
| 3:14 | Create | Villager (Male) |
| 3:45 | Create | Villager (Male) |
| 3:45 | Create | Villager (Male) |
| 4:05 | Create | Villager (Male) |
| 4:05 | Create | Villager (Male) |
| 4:06 | Create | Villager (Male) |
| 4:38 | Create | Villager (Male) |
| 4:39 | Create | Villager (Male) |
| 4:46 | Build | Mill |
| 5:54 | Build | Mill |
| 6:15 | Create | Villager (Male) |
| 6:21 | Create | Villager (Male) |
| 6:25 | Create | Villager (Male) |
| 6:25 | Create | Villager (Male) |
| 7:01 | Build | Lumber Camp |
| 7:18 | Create | Villager (Male) |
| 7:19 | Create | Villager (Male) |
| 8:31 | Build | Mining Camp |
| 8:52 | Research | Feudal Age |
| 10:26 | Build | House |
| 10:31 | Build | Farm |
| 10:35 | Build | Farm |
| 10:37 | Create | Villager (Male) |
| 10:37 | Create | Villager (Male) |
| 11:02 | Age | Feudal Age |
| 11:04 | Build | Market |
| 11:06 | Build | Blacksmith |
| 11:27 | Research | Double-Bit Axe |
| 11:50 | Research | Castle Age |
| 11:55 | Research | Horse Collar |
| 12:16 | Build | Farm |
| 12:17 | Build | Farm |
| 13:05 | Build | Farm |
| 13:07 | Build | Farm |
| 13:18 | Build | Farm |
| 13:25 | Build | Farm |
| 13:28 | Create | Villager (Male) |
| 13:28 | Create | Villager (Male) |
| 14:01 | Build | House |
| 14:32 | Age | Castle Age |
| 14:34 | Build | Town Center |
| 14:38 | Build | Town Center |
| 14:46 | Build | House |
| 15:00 | Create | Villager (Male) |
| 15:06 | Research | Bow Saw |
| 15:23 | Build | House |
| 15:29 | Build | Farm |
| 15:44 | Create | Villager (Male) |
| 15:55 | Build | Farm |
| 15:56 | Create | Villager (Male) |
| 16:00 | Create | Villager (Male) |
| 16:02 | Create | Villager (Male) ×3 |
| 16:06 | Build | House |
| 16:16 | Create | Villager (Male) |
| 16:26 | Build | Farm |
| 16:28 | Build | Farm |
| 16:34 | Build | Farm |
| 16:35 | Create | Villager (Male) |
| 16:46 | Build | Stone Wall |
| 16:48 | Create | Villager (Male) |
| 16:56 | Build | Farm |
| 16:58 | Build | Farm |
| 17:00 | Create | Villager (Male) |
| 17:00 | Create | Villager (Male) |
| 17:03 | Build | Farm |
| 17:08 | Build | House |
| 17:10 | Build | House |
| 17:16 | Create | Villager (Male) |
| 17:16 | Create | Villager (Male) |
| 17:23 | Create | Villager (Male) |
| 17:29 | Build | Farm |
| 17:35 | Build | Farm |
| 17:40 | Create | Villager (Male) |
| 17:45 | Create | Villager (Male) |
| 17:54 | Build | Farm |
| 17:57 | Build | Farm |
| 17:58 | Create | Villager (Male) |
| 18:05 | Build | Farm |
| 18:06 | Create | Villager (Male) |
| 18:06 | Create | Villager (Male) |
| 18:12 | Build | Farm |
| 18:13 | Build | Farm |
| 18:15 | Create | Villager (Male) |
| 18:26 | Build | Farm |
| 18:27 | Create | Villager (Male) ×2 |
| 18:40 | Build | Farm |
| 18:41 | Create | Villager (Male) |
| 18:41 | Create | Villager (Male) |
| 18:43 | Build | House |
| 18:45 | Build | House |
| 18:47 | Create | Villager (Male) |
| 18:54 | Create | Villager (Male) |
| 18:54 | Create | Villager (Male) |
| 18:57 | Create | Villager (Male) |
| 18:59 | Build | Farm |
| 19:04 | Create | Villager (Male) |
| 19:20 | Build | Monastery |
| 19:22 | Create | Villager (Male) ×2 |
| 19:37 | Build | House |
| 19:41 | Research | Heavy Plow |
| 19:41 | Research | Heavy Plow |
| 19:43 | Create | Villager (Male) |
| 19:46 | Create | Villager (Male) |
| 19:57 | Create | Villager (Male) |
| 19:58 | Create | Villager (Male) |
| 19:58 | Create | Villager (Male) |
| 20:14 | Build | Town Center |
| 20:17 | Create | Villager (Male) ×3 |
| 20:22 | Build | House |
| 20:24 | Build | House |
| 20:32 | Create | Villager (Male) ×2 |
| 20:38 | Create | Monk |
| 20:45 | Create | Villager (Male) ×3 |
| 20:46 | Create | Villager (Male) |
| 20:59 | Create | Villager (Male) |
| 21:00 | Create | Villager (Male) |
| 21:04 | Create | Villager (Male) |
| 21:04 | Create | Villager (Male) |
| 21:19 | Build | Town Center |
| 21:25 | Create | Villager (Male) ×4 |
| 21:35 | Build | Farm |
| 21:36 | Build | Farm |
| 21:37 | Build | Farm |
| 21:39 | Build | Farm |
| 21:40 | Build | Farm |
| 21:41 | Build | Mill |
| 21:43 | Create | Villager (Male) ×3 |
| 21:43 | Create | Villager (Male) ×3 |
| 21:46 | Build | House |
| 21:46 | Build | House |
| 21:48 | Create | Villager (Male) |
| 21:48 | Create | Villager (Male) |
| 21:53 | Build | Stone Wall |
| 21:55 | Build | Gate |
| 21:56 | Create | Villager (Male) |
| 22:00 | Create | Villager (Male) |
| 22:13 | Build | Farm |
Build order — Kerim
First 150 of 504 actions detected
| 0:16 | Build | House |
| 0:19 | Build | House |
| 0:30 | Research | Loom |
| 0:31 | Create | Villager (Male) |
| 0:31 | Create | Villager (Male) |
| 0:31 | Create | Villager (Male) |
| 1:29 | Create | Villager (Male) |
| 1:29 | Create | Villager (Male) |
| 1:45 | Build | House |
| 1:46 | Build | House |
| 2:25 | Create | Villager (Male) |
| 2:25 | Create | Villager (Male) |
| 2:41 | Create | Villager (Male) |
| 2:53 | Build | House |
| 2:57 | Create | Villager (Male) |
| 2:58 | Create | Villager (Male) |
| 3:34 | Build | House |
| 3:37 | Create | Villager (Male) |
| 3:37 | Create | Villager (Male) |
| 4:10 | Create | Villager (Male) |
| 4:10 | Create | Villager (Male) |
| 4:35 | Create | Villager (Male) |
| 4:36 | Create | Villager (Male) |
| 5:02 | Create | Villager (Male) |
| 5:02 | Create | Villager (Male) |
| 5:03 | Create | Villager (Male) |
| 5:03 | Create | Villager (Male) |
| 5:32 | Create | Villager (Male) |
| 5:33 | Create | Villager (Male) |
| 6:42 | Create | Villager (Male) |
| 6:42 | Create | Villager (Male) |
| 7:49 | Create | Villager (Male) |
| 7:49 | Create | Villager (Male) |
| 7:49 | Create | Villager (Male) |
| 7:50 | Create | Villager (Male) |
| 7:50 | Create | Villager (Male) |
| 8:00 | Build | Lumber Camp |
| 8:13 | Create | Villager (Male) |
| 8:13 | Create | Villager (Male) |
| 8:14 | Create | Villager (Male) |
| 8:14 | Create | Villager (Male) |
| 8:14 | Create | Villager (Male) |
| 8:30 | Build | Mill |
| 8:39 | Build | Mining Camp |
| 9:02 | Build | Mill |
| 10:22 | Create | Villager (Male) |
| 10:36 | Build | Mining Camp |
| 10:46 | Create | Villager (Male) |
| 11:28 | Create | Villager (Male) |
| 11:49 | Research | Feudal Age |
| 12:18 | Create | Villager (Male) |
| 12:18 | Create | Villager (Male) |
| 12:19 | Create | Villager (Male) |
| 12:19 | Create | Villager (Male) |
| 13:21 | Build | House |
| 13:22 | Build | House |
| 13:23 | Build | House |
| 13:38 | Build | Farm |
| 13:39 | Build | Farm |
| 13:40 | Build | Farm |
| 13:42 | Build | Farm |
| 13:45 | Build | Farm |
| 14:15 | Age | Feudal Age |
| 15:05 | Build | Market |
| 15:09 | Build | Blacksmith |
| 15:17 | Build | Mill |
| 15:22 | Create | Villager (Male) |
| 15:23 | Create | Villager (Male) |
| 15:23 | Create | Villager (Male) |
| 15:24 | Create | Villager (Male) |
| 17:12 | Build | Barracks |
| 17:24 | Research | Castle Age |
| 17:45 | Research | Horse Collar |
| 18:20 | Research | Gold Mining |
| 18:34 | Build | Barracks |
| 19:00 | Research | Town Watch |
| 19:09 | Research | Double-Bit Axe |
| 19:47 | Create | Villager (Male) |
| 19:47 | Create | Villager (Male) |
| 19:48 | Create | Villager (Male) |
| 19:48 | Create | Villager (Male) |
| 19:59 | Build | Farm |
| 20:04 | Age | Castle Age |
| 20:18 | Build | Town Center |
| 20:32 | Build | Castle |
| 20:40 | Research | Bow Saw |
| 20:47 | Create | Villager (Male) |
| 20:47 | Create | Villager (Male) |
| 20:48 | Create | Villager (Male) |
| 21:04 | Build | Farm |
| 21:05 | Build | Farm |
| 21:11 | Create | Villager (Male) |
| 21:11 | Create | Villager (Male) |
| 21:11 | Create | Villager (Male) |
| 21:11 | Create | Villager (Male) |
| 21:38 | Build | Town Center |
| 21:43 | Create | Villager (Male) |
| 21:43 | Create | Villager (Male) |
| 22:09 | Create | Villager (Male) |
| 22:10 | Create | Villager (Male) |
| 22:37 | Create | Villager (Male) |
| 22:38 | Create | Villager (Male) |
| 22:47 | Create | Villager (Male) |
| 22:47 | Create | Villager (Male) |
| 22:47 | Create | Villager (Male) |
| 23:02 | Build | Farm |
| 23:06 | Build | Farm |
| 23:08 | Build | Farm |
| 23:15 | Create | Villager (Male) |
| 23:16 | Create | Villager (Male) |
| 23:16 | Create | Villager (Male) |
| 23:16 | Create | Villager (Male) |
| 23:16 | Create | Villager (Male) |
| 23:22 | Build | Farm |
| 23:23 | Build | Farm |
| 23:25 | Build | Farm |
| 23:27 | Build | Farm |
| 23:46 | Create | Villager (Male) ×5 |
| 23:46 | Create | Villager (Male) ×5 |
| 23:47 | Create | Villager (Male) ×5 |
| 23:47 | Create | Villager (Male) ×5 |
| 23:47 | Create | Villager (Male) ×5 |
| 23:56 | Build | Farm |
| 24:02 | Build | Farm |
| 24:12 | Build | Farm |
| 24:19 | Build | Mill |
| 24:23 | Build | Farm |
| 24:27 | Create | Villager (Male) ×4 |
| 24:28 | Create | Villager (Male) ×4 |
| 24:28 | Create | Villager (Male) ×4 |
| 24:38 | Build | Mining Camp |
| 24:48 | Research | Ballistas |
| 24:55 | Research | Heavy Plow |
| 25:05 | Build | Farm |
| 25:09 | Create | Villager (Male) ×2 |
| 25:09 | Create | Villager (Male) ×2 |
| 25:09 | Create | Villager (Male) ×2 |
| 25:25 | Create | Villager (Male) ×4 |
| 25:26 | Create | Villager (Male) ×4 |
| 25:26 | Create | Villager (Male) ×4 |
| 25:55 | Build | Farm |
| 26:11 | Build | Town Center |
| 26:34 | Build | Mining Camp |
| 26:42 | Research | Stone Mining |
| 26:43 | Research | Gold Shaft Mining |
| 26:49 | Create | Villager (Male) ×5 |
| 26:49 | Create | Villager (Male) ×5 |
| 26:50 | Create | Villager (Male) |
| 26:50 | Create | Villager (Male) |
| 26:54 | Build | Farm |
Build order — moshonkadeda
First 150 of 299 actions detected
| 0:05 | Research | Loom |
| 0:06 | Create | Villager (Male) ×4 |
| 0:12 | Build | House |
| 0:13 | Build | House |
| 0:13 | Build | House |
| 0:13 | Build | House |
| 0:14 | Build | House |
| 2:13 | Create | Villager (Male) |
| 2:35 | Build | Lumber Camp |
| 2:53 | Create | Villager (Male) |
| 3:16 | Create | Villager (Male) |
| 3:45 | Create | Villager (Male) |
| 4:25 | Create | Villager (Male) |
| 4:34 | Create | Villager (Male) |
| 4:54 | Build | Mill |
| 4:58 | Create | Villager (Male) |
| 5:17 | Create | Villager (Male) |
| 5:48 | Create | Villager (Male) |
| 5:48 | Create | Villager (Male) |
| 6:09 | Create | Villager (Male) |
| 6:09 | Create | Villager (Male) |
| 7:37 | Create | Villager (Male) |
| 8:24 | Research | Feudal Age |
| 8:45 | Build | Mill |
| 9:16 | Build | House |
| 9:17 | Build | House |
| 10:34 | Age | Feudal Age |
| 10:37 | Build | Market |
| 11:23 | Build | Blacksmith |
| 12:11 | Research | Castle Age |
| 12:34 | Research | Double-Bit Axe |
| 13:07 | Research | Horse Collar |
| 13:20 | Build | Mining Camp |
| 13:32 | Build | Mining Camp |
| 14:07 | Research | Gold Mining |
| 14:51 | Age | Castle Age |
| 14:54 | Build | Monastery |
| 14:58 | Create | Villager (Male) |
| 14:58 | Create | Villager (Male) |
| 15:19 | Build | Monastery |
| 15:21 | Create | Monk |
| 15:26 | Research | Fervor |
| 15:31 | Build | Farm |
| 15:48 | Research | Bow Saw |
| 15:55 | Build | Farm |
| 16:08 | Create | Monk |
| 16:14 | Create | Villager (Male) |
| 16:48 | Build | Farm |
| 16:54 | Create | Villager (Male) |
| 16:59 | Create | Monk |
| 17:32 | Build | Farm |
| 17:36 | Build | Farm |
| 17:40 | Build | Farm |
| 17:44 | Build | Farm |
| 18:18 | Build | Mining Camp |
| 18:30 | Create | Villager (Male) |
| 18:31 | Create | Villager (Male) |
| 18:31 | Create | Villager (Male) |
| 19:39 | Create | Villager (Male) |
| 19:42 | Research | Stone Mining |
| 20:02 | Create | Villager (Male) |
| 20:02 | Create | Villager (Male) |
| 20:21 | Build | Farm |
| 20:39 | Build | Castle |
| 20:57 | Build | Farm |
| 21:13 | Build | Farm |
| 21:15 | Create | Villager (Male) |
| 21:15 | Create | Villager (Male) |
| 22:00 | Build | Farm |
| 22:28 | Build | Farm |
| 23:14 | Create | Villager (Male) |
| 23:14 | Create | Villager (Male) |
| 23:14 | Create | Villager (Male) |
| 23:20 | Research | Heavy Plow |
| 23:25 | Research | Gold Shaft Mining |
| 23:51 | Build | Town Center |
| 24:11 | Build | Town Center |
| 24:16 | Research | Stone Shaft Mining |
| 24:18 | Create | Villager (Male) |
| 24:23 | Create | Villager (Male) |
| 24:46 | Research | Wheelbarrow |
| 25:29 | Build | Barracks |
| 25:40 | Create | Villager (Male) |
| 25:46 | Research | Fletching |
| 26:12 | Research | Padded Archer Armor |
| 26:18 | Create | Villager (Male) |
| 26:19 | Create | Villager (Male) |
| 26:28 | Research | Town Watch |
| 26:32 | Create | Villager (Male) |
| 26:32 | Create | Villager (Male) |
| 26:32 | Create | Villager (Male) |
| 26:45 | Build | Archery Range |
| 26:47 | Research | Squires |
| 26:53 | Build | Farm |
| 27:26 | Research | Hand Cart |
| 27:41 | Create | Villager (Male) |
| 27:41 | Create | Villager (Male) |
| 27:51 | Build | Monastery |
| 27:55 | Build | Town Center |
| 28:28 | Create | Villager (Male) |
| 28:28 | Create | Villager (Male) |
| 28:40 | Build | Archery Range |
| 28:41 | Research | Crossbowman (upgrade) |
| 28:56 | Create | Monk |
| 28:58 | Create | Monk |
| 29:24 | Create | Villager (Male) ×5 |
| 29:24 | Create | Villager (Male) ×5 |
| 29:31 | Build | House |
| 29:33 | Build | House |
| 29:34 | Build | House |
| 29:35 | Build | House |
| 29:51 | Build | Mining Camp |
| 30:15 | Research | Bodkin Arrow |
| 30:49 | Build | Archery Range |
| 31:06 | Research | Thumb Ring |
| 31:16 | Research | Leather Archer Armor |
| 31:55 | Build | Castle |
| 32:35 | Build | Town Center |
| 33:43 | Build | Mining Camp |
| 34:31 | Build | Town Center |
| 35:00 | Build | Market |
| 35:20 | Build | House |
| 35:20 | Build | House |
| 35:21 | Build | House |
| 35:22 | Build | House |
| 35:24 | Build | House |
| 35:26 | Build | House |
| 36:02 | Build | Farm |
| 36:04 | Build | Farm |
| 36:05 | Build | Farm |
| 36:06 | Build | Farm |
| 36:07 | Build | Farm |
| 36:12 | Build | Farm |
| 36:20 | Build | Farm |
| 36:21 | Build | Farm |
| 36:22 | Build | Farm |
| 36:23 | Build | Farm |
| 36:52 | Build | Archery Range |
| 36:53 | Build | Archery Range |
| 36:54 | Build | Archery Range |
| 36:56 | Build | Archery Range |
| 36:57 | Build | Archery Range |
| 37:16 | Research | Imperial Age |
| 37:22 | Build | Farm |
| 38:46 | Create | Villager (Male) |
| 38:46 | Create | Villager (Male) |
| 38:46 | Create | Villager (Male) |
| 38:47 | Create | Villager (Male) |
| 38:47 | Create | Villager (Male) |
| 39:11 | Build | House |
Build order — ozcelik.huseyin
First 150 of 968 actions detected
| 0:19 | Build | House |
| 0:21 | Build | House |
| 0:22 | Build | House |
| 0:28 | Build | House |
| 0:33 | Create | Villager (Male) |
| 0:33 | Create | Villager (Male) |
| 0:33 | Create | Villager (Male) |
| 0:34 | Create | Villager (Male) |
| 0:34 | Create | Villager (Male) |
| 2:37 | Create | Villager (Male) |
| 2:37 | Create | Villager (Male) |
| 2:38 | Create | Villager (Male) |
| 2:55 | Create | Villager (Male) |
| 2:55 | Create | Villager (Male) |
| 3:13 | Build | Mill |
| 3:36 | Create | Villager (Male) |
| 3:36 | Create | Villager (Male) |
| 4:10 | Create | Villager (Male) |
| 4:11 | Create | Villager (Male) |
| 4:24 | Create | Villager (Male) |
| 4:41 | Create | Villager (Male) |
| 5:04 | Create | Villager (Male) |
| 5:24 | Create | Villager (Male) |
| 5:25 | Create | Villager (Male) |
| 5:48 | Create | Villager (Male) |
| 5:48 | Create | Villager (Male) |
| 5:57 | Build | Lumber Camp |
| 6:10 | Create | Villager (Male) |
| 6:10 | Create | Villager (Male) |
| 6:10 | Create | Villager (Male) |
| 6:10 | Create | Villager (Male) |
| 6:30 | Create | Villager (Male) |
| 6:49 | Build | House |
| 6:52 | Build | House |
| 7:05 | Create | Villager (Male) |
| 7:05 | Create | Villager (Male) |
| 7:40 | Build | Farm |
| 7:58 | Build | House |
| 8:09 | Build | Farm |
| 8:11 | Create | Villager (Male) |
| 8:32 | Build | House |
| 8:34 | Build | House |
| 8:36 | Build | House |
| 8:43 | Create | Villager (Male) |
| 9:26 | Create | Villager (Male) |
| 9:27 | Create | Villager (Male) |
| 9:50 | Build | Mining Camp |
| 10:02 | Create | Villager (Male) |
| 10:02 | Create | Villager (Male) |
| 10:03 | Create | Villager (Male) |
| 10:04 | Create | Villager (Male) |
| 10:34 | Build | Mill |
| 11:28 | Build | Mining Camp |
| 12:27 | Research | Feudal Age |
| 13:31 | Create | Villager (Male) |
| 13:31 | Create | Villager (Male) |
| 13:31 | Create | Villager (Male) |
| 14:37 | Age | Feudal Age |
| 14:46 | Build | Market |
| 14:53 | Build | Blacksmith |
| 15:53 | Research | Castle Age |
| 16:41 | Research | Horse Collar |
| 16:45 | Research | Double-Bit Axe |
| 16:53 | Build | Farm |
| 16:56 | Build | Farm |
| 16:58 | Build | Farm |
| 16:59 | Build | Farm |
| 17:04 | Create | Villager (Male) |
| 17:04 | Create | Villager (Male) |
| 17:04 | Create | Villager (Male) |
| 17:05 | Create | Villager (Male) |
| 17:13 | Build | Farm |
| 17:15 | Build | Farm |
| 17:19 | Build | Farm |
| 17:20 | Build | Farm |
| 17:23 | Build | Farm |
| 17:26 | Build | Farm |
| 18:28 | Create | Villager (Male) |
| 18:28 | Create | Villager (Male) |
| 18:33 | Age | Castle Age |
| 18:39 | Build | Town Center |
| 19:14 | Build | Town Center |
| 19:21 | Create | Villager (Male) |
| 19:21 | Create | Villager (Male) |
| 19:21 | Create | Villager (Male) |
| 19:21 | Create | Villager (Male) |
| 19:21 | Create | Villager (Male) |
| 19:22 | Create | Villager (Male) |
| 19:22 | Create | Villager (Male) |
| 19:35 | Build | Castle |
| 19:52 | Create | Villager (Male) |
| 19:52 | Create | Villager (Male) |
| 20:32 | Build | Town Center |
| 20:43 | Create | Villager (Male) |
| 20:45 | Create | Villager (Male) |
| 20:47 | Build | Farm |
| 20:51 | Create | Villager (Male) |
| 20:51 | Create | Villager (Male) |
| 20:51 | Create | Villager (Male) |
| 20:52 | Create | Villager (Male) |
| 20:52 | Create | Villager (Male) |
| 21:49 | Create | Villager (Male) |
| 21:49 | Create | Villager (Male) |
| 21:53 | Build | Farm |
| 21:54 | Build | Farm |
| 21:57 | Build | Farm |
| 21:59 | Create | Villager (Male) |
| 21:59 | Create | Villager (Male) |
| 22:12 | Build | Mining Camp |
| 22:18 | Build | House |
| 22:18 | Build | House |
| 22:19 | Build | House |
| 22:19 | Build | House |
| 22:21 | Build | House |
| 22:22 | Build | House |
| 22:22 | Build | House |
| 22:24 | Build | House |
| 22:27 | Build | House |
| 22:29 | Build | House |
| 22:30 | Build | House |
| 22:31 | Build | House |
| 22:41 | Research | Loom |
| 22:41 | Create | Villager (Male) |
| 22:42 | Create | Villager (Male) |
| 22:45 | Build | Farm |
| 22:47 | Create | Villager (Male) |
| 22:47 | Create | Villager (Male) |
| 22:49 | Create | Villager (Male) |
| 22:53 | Create | Villager (Male) |
| 22:53 | Create | Villager (Male) |
| 22:54 | Create | Villager (Male) |
| 22:54 | Create | Villager (Male) |
| 23:01 | Build | Farm |
| 23:04 | Create | Villager (Male) |
| 23:04 | Create | Villager (Male) |
| 23:04 | Create | Villager (Male) |
| 23:05 | Create | Villager (Male) |
| 23:05 | Create | Villager (Male) |
| 23:05 | Create | Villager (Male) |
| 23:05 | Create | Villager (Male) |
| 23:08 | Build | Farm |
| 23:16 | Build | Farm |
| 23:20 | Create | Villager (Male) |
| 23:44 | Research | Heavy Plow |
| 23:48 | Build | Farm |
| 23:50 | Create | Villager (Male) |
| 23:51 | Create | Villager (Male) |
| 24:03 | Build | Mining Camp |
| 24:05 | Create | Huskarl |
| 24:06 | Create | Huskarl |
Build order — Ratte
First 150 of 423 actions detected
| 0:04 | Create | Villager (Male) |
| 0:05 | Build | House |
| 0:06 | Build | House |
| 0:14 | Create | Villager (Male) |
| 0:15 | Create | Villager (Male) ×2 |
| 1:28 | Create | Villager (Male) |
| 1:29 | Create | Villager (Male) |
| 1:29 | Create | Villager (Male) |
| 1:33 | Create | Villager (Male) |
| 2:03 | Build | Lumber Camp |
| 2:11 | Create | Villager (Male) |
| 2:12 | Create | Villager (Male) |
| 2:31 | Create | Villager (Male) |
| 2:31 | Create | Villager (Male) |
| 3:19 | Create | Villager (Male) |
| 3:19 | Create | Villager (Male) |
| 3:28 | Build | House |
| 3:33 | Build | House |
| 3:57 | Create | Villager (Male) |
| 4:11 | Build | House |
| 4:13 | Build | House |
| 4:14 | Create | Villager (Male) |
| 4:55 | Create | Villager (Male) |
| 4:56 | Create | Villager (Male) |
| 5:01 | Build | Mill |
| 5:32 | Create | Villager (Male) |
| 5:32 | Create | Villager (Male) |
| 5:49 | Create | Villager (Male) |
| 6:11 | Build | Lumber Camp |
| 6:25 | Create | Villager (Male) |
| 6:25 | Create | Villager (Male) |
| 6:25 | Create | Villager (Male) |
| 6:52 | Create | Villager (Male) |
| 6:54 | Build | Mining Camp |
| 7:03 | Create | Villager (Male) |
| 8:15 | Build | Mill |
| 8:17 | Create | Villager (Male) |
| 8:17 | Create | Villager (Male) |
| 8:17 | Create | Villager (Male) |
| 9:50 | Research | Loom |
| 10:07 | Research | Feudal Age |
| 11:16 | Build | Farm |
| 11:17 | Build | Farm |
| 11:17 | Build | Farm |
| 11:18 | Build | Farm |
| 12:15 | Build | Mining Camp |
| 12:25 | Age | Feudal Age |
| 12:27 | Build | Market |
| 12:30 | Build | Blacksmith |
| 12:35 | Create | Villager (Male) |
| 13:02 | Build | Farm |
| 13:19 | Create | Villager (Male) |
| 13:20 | Build | Farm |
| 13:21 | Build | Farm |
| 13:21 | Build | Farm |
| 13:52 | Build | House |
| 13:55 | Research | Castle Age |
| 14:25 | Research | Double-Bit Axe |
| 14:50 | Research | Horse Collar |
| 14:53 | Build | House |
| 14:55 | Build | House |
| 14:56 | Build | House |
| 14:57 | Build | House |
| 14:58 | Build | House |
| 15:47 | Research | Gold Mining |
| 16:35 | Age | Castle Age |
| 16:43 | Build | Town Center |
| 16:47 | Create | Villager (Male) |
| 16:48 | Create | Villager (Male) |
| 16:48 | Create | Villager (Male) |
| 17:34 | Build | Town Center |
| 17:36 | Create | Villager (Male) |
| 17:59 | Research | Bow Saw |
| 18:23 | Create | Villager (Male) |
| 18:23 | Create | Villager (Male) |
| 18:25 | Create | Villager (Male) |
| 18:28 | Create | Villager (Male) |
| 18:29 | Create | Villager (Male) |
| 19:03 | Research | Gold Shaft Mining |
| 19:12 | Create | Villager (Male) |
| 19:12 | Create | Villager (Male) |
| 19:17 | Build | Farm |
| 19:17 | Build | Farm |
| 19:18 | Build | Farm |
| 19:18 | Build | Farm |
| 19:22 | Create | Villager (Male) |
| 19:59 | Create | Villager (Male) |
| 19:59 | Create | Villager (Male) |
| 20:00 | Create | Villager (Male) |
| 20:19 | Create | Villager (Male) |
| 20:19 | Create | Villager (Male) |
| 20:19 | Create | Villager (Male) |
| 20:19 | Create | Villager (Male) |
| 20:31 | Build | Town Center |
| 20:58 | Build | Stone Wall |
| 21:04 | Research | Stone Mining |
| 21:06 | Create | Villager (Male) |
| 21:06 | Create | Villager (Male) |
| 21:06 | Create | Villager (Male) |
| 21:06 | Create | Villager (Male) |
| 21:39 | Build | Stone Wall |
| 21:46 | Build | House |
| 21:58 | Build | Farm |
| 21:59 | Build | Farm |
| 21:59 | Build | Farm |
| 21:59 | Build | Farm |
| 22:00 | Build | Farm |
| 22:16 | Research | Heavy Plow |
| 22:18 | Create | Villager (Male) |
| 22:18 | Create | Villager (Male) |
| 22:30 | Build | Farm |
| 22:32 | Build | Mill |
| 22:33 | Build | Farm |
| 22:34 | Build | Farm |
| 22:34 | Build | Farm |
| 22:34 | Build | Farm |
| 22:34 | Build | Farm |
| 22:35 | Build | Farm |
| 22:57 | Build | Siege Workshop |
| 23:21 | Create | Villager (Male) |
| 23:21 | Create | Villager (Male) |
| 23:21 | Create | Villager (Male) |
| 23:34 | Build | Castle |
| 23:41 | Build | Mill |
| 23:41 | Build | Farm |
| 23:42 | Build | Farm |
| 23:53 | Build | Farm |
| 23:54 | Build | Farm |
| 24:28 | Build | Farm |
| 24:29 | Build | Farm |
| 24:29 | Build | Farm |
| 24:30 | Build | Farm |
| 24:51 | Build | Farm |
| 25:01 | Build | Farm |
| 25:13 | Research | Imperial Age |
| 25:19 | Create | Villager (Male) |
| 25:21 | Create | Villager (Male) |
| 25:41 | Create | Mangonel |
| 25:49 | Build | Mill |
| 25:50 | Build | Farm |
| 25:50 | Build | Farm |
| 25:50 | Build | Farm |
| 25:50 | Build | Farm |
| 25:51 | Build | Farm |
| 25:54 | Create | Villager (Male) |
| 25:54 | Create | Villager (Male) |
| 25:54 | Create | Villager (Male) |
| 25:54 | Create | Villager (Male) |
| 25:54 | Create | Villager (Male) |
| 26:22 | Build | House |
Build order — Kadir
First 150 of 366 actions detected
| 0:03 | Build | House |
| 0:05 | Build | House |
| 0:05 | Create | Villager (Male) ×4 |
| 1:28 | Create | Villager (Male) |
| 1:28 | Create | Villager (Male) |
| 1:55 | Build | Lumber Camp |
| 2:04 | Create | Villager (Male) |
| 2:04 | Create | Villager (Male) |
| 2:20 | Create | Villager (Male) |
| 2:20 | Create | Villager (Male) |
| 2:52 | Create | Villager (Male) |
| 2:52 | Create | Villager (Male) |
| 3:07 | Create | Villager (Male) |
| 3:07 | Create | Villager (Male) |
| 3:37 | Build | Mill |
| 3:39 | Create | Villager (Male) |
| 3:39 | Create | Villager (Male) |
| 3:53 | Create | Villager (Male) |
| 3:54 | Create | Villager (Male) |
| 3:55 | Research | Loom |
| 4:01 | Build | House |
| 4:28 | Create | Villager (Male) |
| 4:28 | Create | Villager (Male) |
| 4:51 | Create | Villager (Male) |
| 4:51 | Create | Villager (Male) |
| 5:17 | Create | Villager (Male) |
| 5:17 | Create | Villager (Male) |
| 5:25 | Create | Villager (Male) |
| 5:25 | Create | Villager (Male) |
| 5:48 | Create | Villager (Male) |
| 5:48 | Create | Villager (Male) |
| 5:53 | Build | House |
| 5:54 | Build | House |
| 6:02 | Create | Villager (Male) |
| 6:02 | Create | Villager (Male) |
| 7:02 | Create | Villager (Male) |
| 7:02 | Create | Villager (Male) |
| 7:03 | Create | Villager (Male) |
| 7:03 | Create | Villager (Male) |
| 7:31 | Build | House |
| 7:32 | Build | House |
| 7:35 | Build | House |
| 7:38 | Build | House |
| 7:39 | Build | House |
| 7:44 | Create | Villager (Male) |
| 7:44 | Create | Villager (Male) |
| 9:06 | Create | Villager (Male) |
| 9:07 | Create | Villager (Male) |
| 9:21 | Build | Mining Camp |
| 9:43 | Build | Mill |
| 10:03 | Create | Villager (Male) |
| 10:19 | Create | Villager (Male) |
| 10:33 | Research | Feudal Age |
| 10:36 | Build | Farm |
| 10:39 | Build | Farm |
| 10:41 | Build | Farm |
| 10:41 | Build | Farm |
| 10:58 | Build | Barracks |
| 11:33 | Create | Villager (Male) |
| 11:34 | Create | Villager (Male) |
| 13:06 | Age | Feudal Age |
| 13:10 | Build | Stable |
| 13:18 | Build | Blacksmith |
| 13:23 | Create | Villager (Male) |
| 13:39 | Build | Mining Camp |
| 14:21 | Create | Villager (Male) |
| 14:47 | Create | Villager (Male) |
| 15:08 | Create | Villager (Male) |
| 15:15 | Build | Mining Camp |
| 15:36 | Create | Villager (Male) |
| 15:43 | Build | Farm |
| 15:45 | Build | Farm |
| 15:47 | Build | Farm |
| 15:48 | Build | Farm |
| 16:01 | Research | Castle Age |
| 16:27 | Build | Farm |
| 16:31 | Build | Farm |
| 16:38 | Build | Farm |
| 16:40 | Build | Farm |
| 16:48 | Build | Farm |
| 16:49 | Build | Farm |
| 17:06 | Create | Villager (Male) |
| 17:06 | Create | Villager (Male) |
| 17:06 | Create | Villager (Male) |
| 17:41 | Research | Gold Mining |
| 17:45 | Research | Double-Bit Axe |
| 18:04 | Research | Horse Collar |
| 18:42 | Age | Castle Age |
| 18:45 | Build | Town Center |
| 18:50 | Build | Town Center |
| 18:57 | Build | Siege Workshop |
| 19:33 | Build | Farm |
| 19:35 | Build | Farm |
| 19:45 | Create | Villager (Male) |
| 19:58 | Create | Villager (Male) |
| 19:58 | Create | Villager (Male) |
| 20:02 | Build | Farm |
| 20:05 | Create | Villager (Male) |
| 20:06 | Create | Villager (Male) |
| 20:15 | Create | Villager (Male) |
| 20:24 | Build | Farm |
| 20:30 | Create | Scorpion ×3 |
| 20:36 | Create | Villager (Male) |
| 20:40 | Research | Wheelbarrow |
| 20:55 | Create | Villager (Male) |
| 20:58 | Build | Farm |
| 21:00 | Create | Villager (Male) |
| 21:02 | Create | Villager (Male) |
| 21:08 | Create | Villager (Male) |
| 21:08 | Create | Villager (Male) |
| 21:17 | Create | Villager (Male) |
| 21:27 | Build | Farm |
| 21:40 | Create | Villager (Male) |
| 21:53 | Build | Farm |
| 21:54 | Create | Villager (Male) |
| 21:58 | Create | Scorpion |
| 22:01 | Create | Scorpion |
| 22:16 | Create | Villager (Male) |
| 22:18 | Create | Villager (Male) |
| 22:19 | Create | Villager (Male) |
| 22:21 | Create | Villager (Male) |
| 22:23 | Build | Farm |
| 22:40 | Create | Villager (Male) |
| 22:42 | Build | Farm |
| 22:50 | Build | Siege Workshop |
| 23:07 | Build | Farm |
| 23:16 | Create | Villager (Male) |
| 23:18 | Create | Villager (Male) |
| 23:22 | Create | Villager (Male) |
| 23:24 | Create | Villager (Male) |
| 23:33 | Build | House |
| 23:34 | Build | House |
| 23:35 | Build | House |
| 23:36 | Build | House |
| 23:38 | Build | House |
| 23:39 | Build | House |
| 23:40 | Build | House |
| 23:41 | Build | House |
| 23:42 | Build | House |
| 23:50 | Create | Scorpion |
| 23:50 | Create | Scorpion |
| 23:51 | Create | Scorpion |
| 23:51 | Create | Scorpion |
| 23:51 | Create | Scorpion |
| 23:51 | Create | Scorpion |
| 24:00 | Research | Bow Saw |
| 24:18 | Create | Villager (Male) |
| 24:21 | Create | Villager (Male) |
| 24:23 | Create | Villager (Male) |
| 24:33 | Build | University |
Build order — Boyka
First 150 of 525 actions detected
| 0:02 | Create | Villager (Male) |
| 0:02 | Create | Villager (Male) |
| 0:02 | Create | Villager (Male) |
| 0:06 | Build | House |
| 0:10 | Build | House |
| 0:48 | Create | Villager (Male) |
| 0:48 | Create | Villager (Male) |
| 1:32 | Create | Villager (Male) |
| 1:32 | Create | Villager (Male) |
| 2:05 | Create | Villager (Male) |
| 2:05 | Create | Villager (Male) |
| 2:38 | Create | Villager (Male) |
| 2:38 | Create | Villager (Male) |
| 3:05 | Create | Villager (Male) |
| 3:31 | Create | Villager (Male) |
| 3:53 | Create | Villager (Male) |
| 3:53 | Create | Villager (Male) |
| 3:59 | Build | House |
| 4:23 | Create | Villager (Male) |
| 4:23 | Create | Villager (Male) |
| 4:44 | Create | Villager (Male) |
| 4:44 | Create | Villager (Male) |
| 5:04 | Create | Villager (Male) |
| 5:04 | Create | Villager (Male) |
| 5:29 | Create | Villager (Male) |
| 5:30 | Create | Villager (Male) |
| 5:36 | Build | Mill |
| 5:53 | Create | Villager (Male) |
| 5:54 | Create | Villager (Male) |
| 6:23 | Create | Villager (Male) |
| 6:23 | Create | Villager (Male) |
| 6:31 | Build | House |
| 6:55 | Create | Villager (Male) |
| 7:05 | Build | Lumber Camp |
| 7:41 | Create | Villager (Male) |
| 7:42 | Create | Villager (Male) |
| 7:54 | Create | Villager (Male) |
| 8:19 | Create | Villager (Male) |
| 8:23 | Build | House |
| 9:10 | Build | Mining Camp |
| 9:23 | Create | Villager (Male) |
| 9:38 | Research | Feudal Age |
| 9:51 | Build | Farm |
| 9:52 | Build | Farm |
| 9:54 | Build | Farm |
| 10:35 | Build | House |
| 11:58 | Age | Feudal Age |
| 12:00 | Research | Wheelbarrow |
| 12:03 | Research | Double-Bit Axe |
| 12:06 | Research | Horse Collar |
| 12:33 | Build | Farm |
| 12:34 | Build | Farm |
| 12:49 | Build | Market |
| 12:55 | Create | Villager (Male) |
| 13:02 | Create | Villager (Male) |
| 13:33 | Build | Farm |
| 13:41 | Build | Farm |
| 13:42 | Build | Farm |
| 13:45 | Create | Villager (Male) |
| 13:59 | Build | Mining Camp |
| 14:02 | Create | Villager (Male) |
| 14:09 | Build | Blacksmith |
| 14:24 | Build | Farm |
| 14:29 | Build | Farm |
| 14:31 | Build | Farm |
| 14:51 | Research | Castle Age |
| 15:12 | Build | House |
| 15:13 | Build | House |
| 16:15 | Build | House |
| 16:16 | Build | House |
| 16:17 | Build | House |
| 17:14 | Create | Villager (Male) |
| 17:16 | Create | Villager (Male) |
| 17:31 | Age | Castle Age |
| 17:46 | Build | Castle |
| 17:54 | Build | Monastery |
| 18:00 | Create | Villager (Male) |
| 18:00 | Create | Villager (Male) |
| 18:52 | Create | Monk |
| 19:08 | Create | Villager (Male) |
| 19:08 | Create | Villager (Male) |
| 19:27 | Build | Mining Camp |
| 19:33 | Create | Organ Gun |
| 19:41 | Create | Villager (Male) |
| 19:44 | Create | Villager (Male) |
| 20:02 | Create | Villager (Male) |
| 20:22 | Build | Siege Workshop |
| 20:23 | Build | Siege Workshop |
| 20:27 | Create | Organ Gun |
| 20:30 | Create | Villager (Male) |
| 20:48 | Build | University |
| 20:54 | Create | Villager (Male) |
| 21:17 | Build | Farm |
| 21:20 | Create | Villager (Male) |
| 22:01 | Build | House |
| 22:02 | Build | House |
| 22:02 | Build | House |
| 22:08 | Research | Imperial Age |
| 22:21 | Research | Gold Mining |
| 22:23 | Create | Organ Gun |
| 23:16 | Create | Organ Gun |
| 23:45 | Build | Barracks |
| 24:43 | Build | Archery Range |
| 25:18 | Age | Imperial Age |
| 25:19 | Research | Chemistry |
| 25:24 | Build | Feitoria |
| 25:32 | Create | Trebuchet (Packed) |
| 25:56 | Create | Villager (Male) |
| 25:56 | Create | Villager (Male) |
| 26:04 | Build | Feitoria |
| 26:14 | Build | House |
| 26:15 | Build | House |
| 26:15 | Build | House |
| 26:15 | Build | House |
| 26:16 | Build | House |
| 26:21 | Create | Organ Gun |
| 26:59 | Create | Villager (Male) |
| 26:59 | Create | Villager (Male) |
| 26:59 | Create | Villager (Male) |
| 27:11 | Research | Fletching |
| 27:18 | Create | Trebuchet (Packed) |
| 27:30 | Build | Feitoria |
| 27:41 | Build | House |
| 27:41 | Build | House |
| 27:41 | Build | House |
| 27:41 | Build | House |
| 27:42 | Build | House |
| 27:43 | Build | House |
| 27:43 | Build | House |
| 27:59 | Build | Archery Range |
| 28:27 | Create | Organ Gun |
| 28:32 | Create | Villager (Male) |
| 28:50 | Build | Archery Range |
| 28:54 | Create | Hand Cannoneer |
| 28:55 | Create | Hand Cannoneer |
| 29:00 | Research | Padded Archer Armor |
| 29:20 | Create | Hand Cannoneer |
| 29:25 | Create | Villager (Male) |
| 29:34 | Build | Archery Range |
| 29:39 | Create | Hand Cannoneer |
| 29:56 | Build | Castle |
| 30:02 | Create | Hand Cannoneer |
| 30:03 | Create | Hand Cannoneer |
| 30:07 | Build | House |
| 30:07 | Build | House |
| 30:08 | Build | House |
| 30:08 | Build | House |
| 30:08 | Build | House |
| 30:09 | Build | House |
| 30:19 | Create | Villager (Male) |
Match timeline
| 10:34 | moshonkadeda · age_up feudal |
| 10:55 | Hamza Khan · age_up feudal |
| 10:58 | Kadir · first_building Barracks |
| 11:02 | 雨あめrain · age_up feudal |
| 11:58 | Boyka · age_up feudal |
| 12:25 | Ratte · age_up feudal |
| 13:06 | Kadir · age_up feudal |
| 13:10 | Kadir · first_building Stable |
| 14:15 | Kerim · age_up feudal |
| 14:32 | 雨あめrain · age_up castle |
| 14:37 | ozcelik.huseyin · age_up feudal |
| 14:51 | moshonkadeda · age_up castle |
| 14:54 | moshonkadeda · first_building Monastery |
| 16:06 | moshonkadeda · first_market_sell 100 wood |
| 16:35 | Ratte · age_up castle |
| 16:46 | 雨あめrain · wall_segment Stone Wall x1 |
| 17:04 | Hamza Khan · first_building Barracks |
| 17:12 | Kerim · first_building Barracks |
| 17:20 | Kerim · first_market_sell 100 wood |
| 17:21 | Kerim · first_market_buy 100 food |
| 17:31 | Boyka · age_up castle |
| 17:38 | Boyka · first_market_buy 100 stone |
| 17:46 | Boyka · first_building Castle |
| 17:54 | Boyka · first_building Monastery |
| 18:33 | ozcelik.huseyin · age_up castle |
| 18:42 | Kadir · age_up castle |
| 18:57 | Kadir · first_building Siege Workshop |
| 19:20 | 雨あめrain · first_building Monastery |
| 19:35 | ozcelik.huseyin · first_building Castle |
| 19:47 | Hamza Khan · age_up castle |
| 20:04 | Kerim · age_up castle |
| 20:10 | Hamza Khan · first_building Castle |
| 20:22 | Boyka · first_building Siege Workshop |
| 20:24 | moshonkadeda · first_market_buy 100 stone |
| 20:32 | Kerim · first_building Castle |
| 20:39 | moshonkadeda · first_building Castle |
| 20:58 | Ratte · wall_segment Stone Wall x8 |
| 21:00 | ozcelik.huseyin · first_market_buy 100 food |
| 21:39 | Ratte · wall_segment Stone Wall x4 |
| 21:49 | Boyka · first_market_sell 100 food |
| 21:53 | 雨あめrain · wall_segment Stone Wall x5 |
| 22:26 | Hamza Khan · first_building Archery Range |
| 22:56 | 雨あめrain · wall_segment Stone Wall x4 |
| 22:57 | Ratte · first_building Siege Workshop |
| 23:34 | Ratte · first_building Castle |
| 23:45 | Boyka · first_building Barracks |
| 24:28 | 雨あめrain · wall_segment Stone Wall x6 |
| 24:43 | Boyka · first_building Archery Range |
| 24:44 | 雨あめrain · wall_segment Stone Wall x6 |
| 24:46 | Kadir · first_building Monastery |
| 25:00 | 雨あめrain · wall_segment Stone Wall x14 |
| 25:11 | Hamza Khan · first_building Monastery |
| 25:18 | Boyka · age_up imperial |
| 25:29 | moshonkadeda · first_building Barracks |
| 26:42 | 雨あめrain · first_building Castle |
| 26:45 | moshonkadeda · first_building Archery Range |
| 27:50 | Kerim · first_building Siege Workshop |
| 27:57 | 雨あめrain · first_building Barracks |
| 28:02 | Ratte · first_building Barracks |
| 28:08 | ozcelik.huseyin · first_building Barracks |
| 28:11 | Kadir · first_building Castle |
| 28:23 | Ratte · age_up imperial |
| 28:44 | 雨あめrain · first_building Stable |
| 29:04 | Hamza Khan · first_market_buy 100 food |
| 29:09 | Ratte · first_building Archery Range |
| 30:28 | 雨あめrain · age_up imperial |
| 30:57 | Kadir · age_up imperial |
| 32:24 | Hamza Khan · age_up imperial |
| 32:51 | ozcelik.huseyin · age_up imperial |
| 32:57 | Kerim · age_up imperial |
| 34:59 | ozcelik.huseyin · first_building Siege Workshop |
| 36:19 | Ratte · first_building Stable |
| 40:26 | moshonkadeda · age_up imperial |
| 41:56 | Hamza Khan · first_building Stable |
| 43:50 | Kerim · first_building Archery Range |
| 46:13 | moshonkadeda · wall_segment Stone Wall x17 |
| 48:51 | moshonkadeda · first_building Siege Workshop |
| 49:42 | Kerim · wall_segment Stone Wall x1 |
| 50:47 | 雨あめrain · first_market_sell 100 food |
| 52:29 | ozcelik.huseyin · first_market_sell 100 food |
| 55:23 | 雨あめrain · first_building Archery Range |
| 55:24 | Kadir · first_market_sell 500 wood |
| 58:52 | Hamza Khan · resign |
[ AI ANALYSIS · 1 CREDIT ]
What really happened in this match?
Wolo.gg analyzes every decision: build order, eco, micro, common mistakes by bracket. Personalized analysis on WhatsApp or Discord in 30 seconds.
Civ guide
Burgundians
Perfil
Jugador #4875358